 Dungeon Crawl Stone Soup version 0.21.1-68-g103a7af (webtiles) character file.

3042 wilfster70 the Digger (level 9, -10/55 HPs)
             Began as a Gargoyle Earth Elementalist on Aug 2, 2018.
             Was a Follower of Vehumet.
             Mangled by a death yak (25 damage)
             ... on level 6 of the Dungeon.
             The game lasted 00:32:56 (7601 turns).

wilfster70 the Digger (Gargoyle Earth Elementalist) Turns: 7601, Time: 00:32:56

Health: -10/55     AC: 11    Str: 12    XL:     9   Next: 86%
Magic:  17/18      EV: 12    Int: 19    God:    Vehumet [*.....]
Gold:   360        SH:  4    Dex: 10    Spells: 10/20 levels left

rFire    . . .     SeeInvis .   a - +0 flail
rCold    + . .     Gourm    .   m - +0 buckler
rNeg     + . .     Faith    .   c - +0 robe
rPois    ∞         Spirit   .   (no helmet)
rElec    +         Reflect  .   h - +0 cloak
rCorr    .         Harm     .   (no gloves)
MR       .....                  u - +1 pair of boots
Stlth    ++........             (no amulet)
HPRegen  0.18/turn              i - ring of wizardry
MPRegen  0.16/turn              r - ring of protection from cold

@: no status effects
A: negative energy resistance 1, electricity resistance, unbreathing,
petrification resistance, rot immunity, AC +6
a: Renounce Religion


You were on level 6 of the Dungeon.
You worshipped Vehumet.
Vehumet was aware of your devotion.
You were not hungry.

You visited 2 branches of the dungeon, and saw 10 of its levels.

You collected 360 gold pieces.

Inventory:

Hand Weapons
 a - a +0 flail (weapon)
 b - a +0 hunting sling
 D - a -2 eveningstar of protection
Missiles
 n - 5 curare-tipped needles
 s - 106 stones (quivered)
Armour
 c - a +0 robe (worn)
 h - a +0 cloak (worn)
 m - a +0 buckler (worn)
 u - a +1 pair of boots (worn)
Jewellery
 i - a ring of wizardry (left hand)
 r - a ring of protection from cold (right hand)
Wands
 y - a wand of flame (20)
 B - a wand of scattershot (2)
Scrolls
 g - 2 scrolls of amnesia
 v - a scroll of immolation
 w - 4 scrolls of teleportation
Potions
 f - a potion of lignification
 j - 4 potions of curing
 p - a potion of cancellation
 q - 2 potions of agility
 t - a potion of mutation {unknown}
 A - a potion of berserk rage {unknown}
Books
 e - a book of Geomancy

   Spells                             Type                      Level
   a - Sandblast                      Earth                        1
   b - Passwall                       Transmutation/Earth          2
   c - Stone Arrow                    Conjuration/Earth            3
   d - Petrify                        Transmutation/Earth          4
   e - Lee's Rapid Deconstruction     Earth                        5
 l - a book of Maledictions

   Spells                             Type                      Level
   a - Corona                         Hexes                        1
   b - Ensorcelled Hibernation        Hexes/Ice                    2
   c - Confuse                        Hexes                        3
   d - Tukima's Dance                 Hexes                        3
   e - Dazzling Spray                 Conjuration/Hexes            3
 o - a book of Battle

   Spells                             Type                      Level
   a - Infusion                       Charms                       1
   b - Shroud of Golubria             Charms/Translocation         2
   c - Song of Slaying                Charms                       2
   d - Spectral Weapon                Hexes/Charms                 3
   e - Regeneration                   Charms/Necromancy            3
Comestibles
 d - 14 rations


   Skills:
 - Level 5.6 Fighting
 + Level 6.3 Maces & Flails
 - Level 1.5 Dodging
 - Level 2.1 Stealth
 - Level 4.0 Shields
 - Level 6.1 Spellcasting
 - Level 5.1 Conjurations
   Level 0.7 Transmutations
 * Level 1.7 Fire Magic
 - Level 7.0 Earth Magic


You had 10 spell levels left.
You knew the following spells:

 Your Spells              Type           Power        Failure   Level  Hunger
a - Flame Tongue          Conj/Fire      ###..        1%          1    None
b - Stone Arrow           Conj/Erth      ####..       1%          3    ##.....
c - Lee's Rapid Deconstr  Erth           ####......   7%          5    #####..
d - Sandblast             Erth           ####..       1%          1    None


Dungeon Overview and Level Annotations

Branches:
Dungeon (9/15)             Temple (1/1) D:5            Lair (0/6) D:8
    Orc: D:9-12

Altars:
Ashenzari
Cheibriados
Dithmenos
Elyvilon
Fedhas
Gozag
Hepliaklqana
Kikubaaqudgha
Makhleb
Nemelex Xobeh
Okawaru
Qazlal
Ru
Sif Muna
Trog
Uskayaw
Vehumet
Wu Jian
Xom
Yredelemnul
Zin
The Shining One

Shops:
D:6 :   D:8 *


Innate Abilities, Weirdness & Mutations

You are resistant to torment.
Your stone body is resilient. (AC +6)
You are immune to poison.
You resist negative energy. (rN+)
You are resistant to electric shocks. (rElec)
You can survive without breathing.
You are immune to petrification.
You are immune to rotting.


Message History

The flame tongue hits the death yak.
The death yak appears unharmed.
The death yak barely misses you.
Casting: Flame Tongue
Confirm with . or Enter, or press ? or * to list all spells.
Aiming: Flame Tongue
Press: ? - help, Shift-Dir - straight line, f/p - death yak
Aim: a death yak The flame tongue hits the death yak.
The death yak is lightly wounded.
The death yak gores you!
* * * LOW HITPOINT WARNING * * *
The death yak closely misses you. The death yak closely misses you.
The death yak gores you but does no damage.
There is a stone staircase leading up here.
The death yak gores you but does no damage.
You climb upwards.
There is a stone staircase leading down here.
The death yak gores you!!
You die...

################
#............[.#
##.###########.####### #.#
#........)....# #.#
#.##..#.#####.# #.#
##.##..#Y#####.########### #.#
#.......>@................
#.###########...###.###########
#.#.............# #.# #........
#.#.#########.### #.# #........
#.#.# #.#####+###........ #.#.#
#........##........ #.#.#
#........##.#####'# #.#.#####
#........##........ #.#.#...#
#........####.....#


You could see a death yak.

Vanquished Creatures
  The ghost of kyoneko the Shield-Bearer, a novice FoFi of Makhleb (D:5)
  Prince Ribbit (D:7)
  A yak (D:8)
  Menkaure (D:7)
  A water moccasin (D:4)
  A hornet zombie (D:6)
  A black bear (D:7)
  An eye of draining (D:9)
  An ice beast (D:6)
  A phantom (D:5)
  An ogre (D:5)
  2 centaurs
  3 bullfrogs
  6 scorpions
  3 howler monkeys
  A centaur skeleton (D:3)
  An orc priest (D:7)
  2 hounds
  3 jellies
  4 orc wizards
  2 iguanas (D:9)
  A hell rat (D:9)
  4 worker ants
  3 hound skeletons
  2 worker ant zombies
  A howler monkey skeleton (D:5)
  10 adders
  A shadow imp (D:5)
  An ooze (D:5)
  5 worms
  2 dart slugs (D:1)
  A leopard gecko (D:4)
  19 orcs
  5 giant cockroaches
  5 goblins
  6 hobgoblins
  8 jackals
  4 kobolds
  2 quokkas
  2 ball pythons
  12 bats
  4 frilled lizards
  2 leopard gecko skeletons (D:6)
  2 leopard gecko zombies (D:5)
  A quokka skeleton (D:5)
  7 rats
148 creatures vanquished.

Vanquished Creatures (others)
  2 fungi (D:7)
2 creatures vanquished.

Grand Total: 150 creatures vanquished

Notes
Turn   | Place    | Note
-------+----------+-------------------------------------------
     0 | D:1      | wilfster70 the Gargoyle Earth Elementalist began the quest for the Orb.
     0 | D:1      | Reached XP level 1. HP: 10/10 MP: 3/3
   124 | D:1      | Reached XP level 2. HP: 15/15 MP: 1/5
   473 | D:1      | Reached skill level 4 in Earth Magic
   709 | D:2      | Reached XP level 3. HP: 16/19 MP: 2/7
   830 | D:2      | Learned a level 3 spell: Stone Arrow
  1027 | D:2      | Reached skill level 1 in Shields
  1264 | D:2      | Found a blossoming altar of Fedhas.
  1330 | D:2      | Reached XP level 4. HP: 21/24 MP: 8/8
  2074 | D:3      | Found a shimmering altar of Xom.
  2088 | D:3      | Reached skill level 1 in Conjurations
  2203 | D:3      | Reached XP level 5. HP: 22/28 MP: 8/10
  2856 | D:4      | Found a glowing golden altar of the Shining One.
  2901 | D:4      | Reached XP level 6. HP: 30/32 MP: 10/12
  2908 | D:4      | Learned a level 5 spell: Lee's Rapid Deconstruction
  2997 | D:4      | Reached skill level 5 in Earth Magic
  3027 | D:4      | Noticed a water moccasin
  3037 | D:4      | Killed a water moccasin
  3318 | D:5      | Entered Level 5 of the Dungeon
  3442 | D:5      | Found a staircase to the Ecumenical Temple.
  3455 | Temple   | Entered the Ecumenical Temple
  3534 | D:5      | Noticed kyoneko's ghost (novice FoFi)
  3605 | D:5      | Killed kyoneko's ghost
  3605 | D:5      | Reached skill level 5 in Spellcasting
  3605 | D:5      | Reached skill level 6 in Earth Magic
  3605 | D:5      | Reached XP level 7. HP: 24/36 MP: 3/15
  3605 | D:5      | Reached XP level 8. HP: 27/41 MP: 3/16
  4608 | D:6      | Found Cocw's Book Shop.
  4613 | D:6      | Reached skill level 1 in Fighting
  4656 | D:6      | Reached skill level 7 in Earth Magic
  4946 | D:6      | Reached skill level 5 in Conjurations
  5208 | D:6      | Reached skill level 1 in Maces & Flails
  5278 | D:6      | Reached XP level 9. HP: 40/51 MP: 15/18
  5641 | D:7      | Found a bloodstained altar of Trog.
  5641 | D:7      | Found a radiant altar of Vehumet.
  5647 | D:7      | Found an ornate altar of the Wu Jian Council.
  5649 | D:7      | Found a basalt altar of Yredelemnul.
  5650 | D:7      | Found a snail-covered altar of Cheibriados.
  5735 | D:7      | Noticed Prince Ribbit
  5756 | D:7      | Killed Prince Ribbit
  6198 | D:7      | Became a worshipper of Vehumet
  6392 | D:7      | Noticed Menkaure
  6435 | D:7      | Killed Menkaure
  6540 | D:7      | Reached skill level 5 in Fighting
  6540 | D:7      | Reached skill level 5 in Maces & Flails
  6769 | D:8      | Found Azucvimn's Assorted Antiques.
  6840 | D:8      | Noticed a death yak
  6968 | D:9      | Reached * piety under Vehumet
  6968 | D:9      | Offered knowledge of Flame Tongue by Vehumet.
  7174 | D:9      | Learned a level 1 spell: Flame Tongue
  7304 | D:8      | Reached skill level 1 in Fire Magic
  7565 | D:8      | Noticed a death yak
  7567 | D:8      | Found a staircase to the Lair.
  7571 | D:8      | Noticed a death yak
  7601 | D:6      | Mangled by a death yak

Skill      XL: |  1  2  3  4  5  6  7  8  9 |
---------------+----------------------------+-----
Earth Magic    | 4 6 7 |  7.0
Spellcasting   | 3 4 5 6 |  6.1
Shields        | 1 2 3 4 |  4.0
Conjurations   | 1 2 3 5 |  5.1
Fighting       | 3 5 |  5.6
Maces & Flails | 2 6 |  6.3
Fire Magic     | 1 |  1.7
Dodging        | |  1.5
Stealth        | |  2.1
Transmutations | |  0.7

Action                   |  1- 3 |  4- 6 |  7- 9 || total
-------------------------+-------+-------+-------++-------
Melee: Unarmed           |    30 |       |       ||    30
       Short sword       |    44 |   120 |    53 ||   217
       Flail             |       |       |   142 ||   142
Throw: Stone             |       |       |     2 ||     2
 Cast: Sandblast         |    28 |    69 |   110 ||   207
       Flame Tongue      |       |       |    18 ||    18
       Lee's Rapid Decon |       |       |     2 ||     2
       Stone Arrow       |       |       |     1 ||     1
  Use: Scroll            |       |     8 |     7 ||    15
       Potion            |       |       |     3 ||     3
 Stab: Sleeping          |     2 |     1 |     1 ||     4
  Eat: Chunk             |     1 |     7 |    12 ||    20
       Ration            |       |       |     1 ||     1
Armor: Robe              |    33 |    65 |   144 ||   242
Dodge: Dodged            |    53 |   137 |   169 ||   359
Block: Buckler           |       |       |    79 ||    79
